 Dungeon Crawl Stone Soup version 0.17.1-3-g152610e (webtiles) character file.

478 Yevrel the Shield-Bearer (level 6, -2/123 HPs)
             Began as a Minotaur Fighter on Apr 5, 2016.
             Was a Follower of Trog.
             Killed by divine providence
             ... invoked by an orc priest
              (7 damage)
             ... on level 4 of the Dungeon.
             The game lasted 00:05:52 (2605 turns).

Yevrel the Shield-Bearer (Minotaur Fighter)         Turns: 2605, Time: 00:05:52

Health: -2/123     AC: 23    Str: 27    XL:     6   Next: 85%
Magic:  5/5        EV:  2    Int:  5    God:    Trog [*.....]
Gold:   198        SH: 11    Dex: 10    Spells: 0 memorised, 5 levels left

rFire  . . .     SeeInvis .     a - +0 flail
rCold  . . .     Clarity  .     (armour currently unavailable)
rNeg   + + +     SustAt   .     c - +0 shield
rPois  +         Gourm    .     (helmet currently unavailable)
rElec  .         Spirit   .     (cloak currently unavailable)
rCorr  .         Warding  .     (gloves currently unavailable)
rMut   .         NoTele   +     (boots currently unavailable)
MR     .....                    (no amulet)
Stlth  ..........               i - +5 ring of evasion
                                f - ring of flight

@: berserking, tree-form, slowed, not resistant to hostile enchantments,
extremely unstealthy
A: (retaliatory headbutt), (horns 0)
a: Berserk, Burn Spellbooks, Renounce Religion


You were on level 4 of the Dungeon.
You worshipped Trog.
Trog was aware of your devotion.
You were hungry.
You were a tree.
You visited 1 branch of the dungeon, and saw 4 of its levels.

You collected 198 gold pieces.

Inventory:

Hand Weapons
 a - a +0 flail (weapon)
Armour
 b - a +0 scale mail
 c - a +0 shield (worn)
 t - a +0 chain mail (melded)
 E - a +0 pair of gloves (melded)
Jewellery
 f - a ring of flight (left branch)
 i - a +5 ring of evasion (right branch)
 r - a +3 ring of strength {unknown}
 y - an uncursed ring of sustain attributes {unknown}
Scrolls
 e - a scroll of immolation {unknown}
 h - 2 scrolls of fear {unknown}
 l - 5 scrolls of teleportation {unknown}
 m - 2 scrolls of identify {unknown}
 p - 2 scrolls of amnesia {unknown}
 s - a scroll of noise {unknown}
 u - 2 scrolls of remove curse {unknown}
 v - 2 scrolls of random uselessness {unknown}
 B - a scroll of recharging {unknown}
Potions
 d - a potion of might
 j - a potion of lignification
 k - a potion of degeneration {unknown}
 o - a potion of flight
 q - a potion of cancellation {unknown}
 w - a potion of ambrosia {unknown}
 A - a potion of mutation {unknown}
 C - a potion of curing {unknown}
Books
 D - a book of Summonings

   Spells                             Type                      Level
   a - Recall                         Summoning/Translocation      3
   b - Aura of Abjuration             Summoning                    5
   c - Shadow Creatures               Summoning                    5
   d - Summon Demon                   Summoning                    5
   e - Summon Forest                  Summoning/Translocation      5
   f - Summon Mana Viper              Hexes/Summoning              5
   Trog disapproves of the use of such an item.
Comestibles
 g - a fruit
 n - 2 meat rations
 x - a bread ration
 z - 2 slices of pizza


   Skills:
 + Level 4.8 Fighting
 + Level 4.4 Maces & Flails
 + Level 5.3 Armour
 + Level 2.8 Dodging
 + Level 0.5 Stealth
 + Level 5.8 Shields


You had 5 spell levels left.
You didn't know any spells.

Dungeon Overview and Level Annotations

Branches:
Dungeon (4/15)
 Temple: D:4-7

Altars:
Trog


Innate Abilities, Weirdness & Mutations

((You reflexively headbutt those who attack you in melee.))
((You have a pair of horns on your head.))


Message History

Your +0 chain mail melds into your body.
Your roots penetrate the ground.
You block the adder skeleton's attack.
The orc priest hits you but does no damage.
Drink which item? (? for menu, Esc to quit)
It was a potion of flight.
Your roots keep you in place.
You block the adder skeleton's attack.
The orc priest hits you from afar with a trident.
* * * LOW HITPOINT WARNING * * *
The adder skeleton bites you but does no damage.
The orc priest hits you but does no damage.
A red film seems to cover your vision as you go berserk!
You feel yourself moving faster!
You feel mighty!
You feel somewhat more hungry.
The adder skeleton bites you but does no damage.
The orc priest hits you but does no damage.
The adder skeleton bites you but does no damage.
You barely miss the adder skeleton. You block the adder skeleton's attack.
The orc priest mumbles some strange prayers to Beogh against you.
Something smites you!
You die...

# #.# . . #.# #.
#.#.###### ..
#........#.
..#r#.#..........
..o..............
......oo.....#.###
#Z# ...... #♣#
#....# #)###....#
#........#
#........#
#........###
#.<.........
#....†..#### ####
#. #........# ....
#.##........# ....


You could see an orc priest, an orc and an adder skeleton.

Vanquished Creatures
  A phantom (D:4)
  A hound (D:4)
  An iguana (D:4)
  2 orc priests (D:4)
  Ijyb (D:2)
  3 orc wizards (D:4)
  Natasha (thrice) (D:2)
  A worker ant (D:4)
  4 adders
  An ooze (D:3)
  3 worms
  3 orcs (D:3)
  2 ball pythons
  16 hobgoblins
  6 kobolds
  11 bats
  4 giant cockroaches
  4 giant geckos
  A giant newt (D:3)
  14 goblins
  3 jackals (D:3)
  8 rats
93 creatures vanquished.

Notes
Turn   | Place    | Note
--------------------------------------------------------------
     0 | D:1      | Yevrel the Minotaur Fighter began the quest for the Orb.
     0 | D:1      | Reached XP level 1. HP: 19/19 MP: 0/0
   129 | D:1      | Reached XP level 2. HP: 22/27 MP: 1/1
   160 | D:1      | Reached skill level 4 in Armour
   524 | D:1      | Reached XP level 3. HP: 33/33 MP: 2/2
   742 | D:2      | Noticed Natasha
   754 | D:2      | Killed Natasha
   754 | D:2      | Reached XP level 4. HP: 26/40 MP: 3/3
   904 | D:2      | Noticed Natasha
   907 | D:2      | Killed Natasha
   907 | D:2      | Reached skill level 1 in Dodging
   908 | D:2      | Found a bloodstained altar of Trog.
   921 | D:2      | Became a worshipper of Trog the Wrathful
   993 | D:2      | Noticed Ijyb
  1007 | D:2      | Killed Ijyb
  1007 | D:2      | Reached skill level 5 in Shields
  1144 | D:2      | Noticed Natasha
  1149 | D:2      | Killed Natasha
  1228 | D:3      | Reached XP level 5. HP: 46/46 MP: 4/4
  1360 | D:3      | Reached * piety under Trog
  2255 | D:4      | Noticed a phantom
  2288 | D:4      | Killed a phantom
  2288 | D:4      | Reached XP level 6. HP: 21/53 MP: 5/5
  2564 | D:4      | Reached skill level 5 in Armour
  2601 | D:4      | HP: 2/55 [orc priest/trident (5)]
  2605 | D:4      | Killed from afar by an orc priest

Action                   |  1- 3 |  4- 6 || total
-------------------------+-------+-------++-------
Melee: Flail             |    89 |   178 ||   267
Invok: Berserk           |       |     1 ||     1
  Use: Potion            |       |     2 ||     2
  Eat: Bread ration      |       |     1 ||     1
       Chunk             |       |     1 ||     1
